 Dungeon Crawl Stone Soup version 0.23.2-1-ga50397a (webtiles) character file.

Game seed: 12128907568261053276

151 MalarOregon the Skirmisher (level 5, -10/46 HPs)
             Began as a Ghoul Fighter on May 26, 2019.
             Killed by divine providence
             ... invoked by an orc priest
              (12 damage)
             ... on level 3 of the Dungeon.
             The game lasted 00:03:27 (2350 turns).

MalarOregon the Skirmisher (Ghoul Fighter)          Turns: 2350, Time: 00:03:29

Health: -10/46     AC:  6    Str: 21    XL:     5   Next: 33%
Magic:  4/4        EV:  7    Int:  3    God:
Gold:   103        SH:  9    Dex:  8    Spells: 4/4 levels left

rFire    . . .     SeeInvis .   a - +0 long sword
rCold    + . .     Gourm    .   c - +0 shield
rNeg     + + +     Faith    .   b - +0 scale mail
rPois    ∞         Spirit   .   (no helmet)
rElec    .         Reflect  .   (no cloak)
rCorr    .         Harm     .   (no gloves)
MR       .....                  (no boots)
Stlth    ..........             (no amulet)
HPRegen  0.00/turn              (no ring)
MPRegen  0.09/turn              (no ring)

@: rotting
A: rotting body, claws 1, carnivore, cold resistance 1, negative energy
resistance 3, inhibited regeneration, torment resistance, unbreathing
a: no special abilities


You were on level 3 of the Dungeon.
You were not hungry.

You visited 1 branch of the dungeon, and saw 3 of its levels.

You collected 103 gold pieces.

Inventory:

Hand Weapons
 a - a +0 long sword (weapon)
Armour
 b - a +0 scale mail (worn)
 c - a +0 shield (worn)
Jewellery
 j - an uncursed ring of ice {unknown}
   (You found it on level 1 of the Dungeon)
Scrolls
 f - 3 scrolls of remove curse {unknown}
 h - 2 scrolls of identify {unknown}
 i - a scroll of enchant weapon {unknown}
 k - 2 scrolls of magic mapping {unknown}
 l - a scroll of blinking {unknown}
 q - 5 scrolls of fog {unknown}
 s - a scroll of enchant armour {unknown}
 w - a scroll of random uselessness {unknown}
Potions
 d - 2 potions of might
 m - a potion of curing {unknown}
 n - a potion of cancellation {unknown}
 o - a potion of agility {unknown}
 p - a potion of invisibility {unknown}
 r - a potion of heal wounds {unknown}
 t - a potion of berserk rage {unknown}
 u - a potion of flight {unknown}
 v - a potion of degeneration {unknown}
Comestibles
 e - 5 rations {!d}


   Skills:
 + Level 4.1 Fighting
 + Level 2.6 Long Blades
 + Level 1.2 Throwing
 + Level 3.4 Armour
 + Level 3.4 Shields


You had 4 spell levels left.
You didn't know any spells.
Your spell library was empty.

Dungeon Overview and Level Annotations

Branches:
Dungeon (3/15)

Altars:


Innate Abilities, Weirdness & Mutations

Your body is rotting away.
You thrive on raw meat.
You are immune to poison.
You have sharp fingernails.
You are carnivorous and can eat meat at any time.
Your flesh is cold resistant. (rC+)
You are immune to negative energy. (rN+++)
You do not regenerate when monsters are visible.
You are immune to unholy pain and torment.
You can survive without breathing.


Message History

You kill the orc!
The quokka bites you. You block the quokka's attack.
There are monsters nearby!
You closely miss the quokka.
The orc priest invokes the aid of Beogh against you.
Beogh smites you!
The quokka bites you but does no damage.
The quokka misses you.
There are monsters nearby!
You closely miss the quokka.
The quokka bites you but does no damage.
You block the quokka's attack.
The orc priest calls down the wrath of Beogh upon you.
Beogh smites you!
* * * LOW HITPOINT WARNING * * *
You block the quokka's attack.
Some of the chunks of flesh in your inventory have rotted away.
Your scale mail prevents you from hitting the orc priest.
The quokka bites you.
* * * LOW HITPOINT WARNING * * *
The orc priest barely misses you. The quokka closely misses you.
The orc priest closely misses you.
You riposte.
You closely miss the orc priest.
Eat a chunk of flesh? (ye/n/q)
You eat the chunk of flesh.
This raw flesh tastes great!
You block the quokka's attack.
The orc priest hits you but does no damage.
You hit the orc priest. You block the quokka's attack.
You block the orc priest's attack.
You closely miss the orc priest.
The quokka bites you but does no damage.
The orc priest hits you but does no damage.
You block the quokka's attack.
You slash the orc priest!
The orc priest invokes the aid of Beogh against you.
Beogh smites you!
* * * LOW HITPOINT WARNING * * *
The quokka bites you but does no damage.
The quokka bites you.
* * * LOW HITPOINT WARNING * * *
The orc priest hits you with a +0 whip.
* * * LOW HITPOINT WARNING * * *
You barely miss the orc priest.
The quokka bites you but does no damage.
The orc priest hits you but does no damage.
Okay, then.
You completely miss the orc priest. You block the quokka's attack.
The orc priest mumbles some strange prayers to Beogh against you.
Beogh smites you!
You die...

##8###8#.### # #.....
#######.## ...8#....
#........######
...##... .
#.##..........#
...##oo ...
#.##..........#
...##.##.....
########......#
.$.8#<.o.....
#......##...##..#.###.
######..........#
#..@o..##...
#.r....##.#..
......).†....##.#..#
.............##.#..#
###......##...#.#..#
#....... ...#
#...........#
##.............
>#.....##.. ###


You could see an orc priest and a quokka.

Vanquished Creatures
  Jessica (D:2)
  An orc wizard (D:2)
  A gnoll (D:2)
  An adder (D:2)
  2 dart slugs
  A worm (D:2)
  4 leopard geckos
  2 orcs
  7 bats
  2 giant cockroaches (D:2)
  12 goblins
  6 hobgoblins
  10 jackals
  3 kobolds
  A quokka (D:3)
  A ball python (D:1)
  4 frilled lizards
  4 rats
63 creatures vanquished.

Notes
Turn   | Place    | Note
-------+----------+-------------------------------------------
     0 | D:1      | MalarOregon the Ghoul Fighter began the quest for the Orb.
     0 | D:1      | Reached XP level 1. HP: 19/19 MP: 0/0
    82 | D:1      | Reached XP level 2. HP: 20/26 MP: 1/1
   383 | D:1      | Reached XP level 3. HP: 27/31 MP: 2/2
  1282 | D:2      | Reached XP level 4. HP: 40/40 MP: 3/3
  1620 | D:2      | Noticed Jessica
  1625 | D:2      | Killed Jessica
  1625 | D:2      | Reached skill level 1 in Throwing
  1641 | D:2      | Reached skill level 4 in Fighting
  1783 | D:2      | HP: 1/40 [something/puff of flame (10)]
  2087 | D:2      | Reached XP level 5. HP: 43/46 MP: 4/4
  2348 | D:3      | HP: 2/46 [orc priest/+0 whip (2)]
  2350 | D:3      | Killed from afar by an orc priest

Skill      XL: |  1  2  3  4 |
---------------+-------------+-----
Long Blades    | 2 |  2.6
Shields        | 3 |  3.4
Armour         | 3 |  3.4
Throwing       | 1 |  1.2
Fighting       | 4 |  4.1

Action                   |  1- 3 |  4- 6 || total
-------------------------+-------+-------++-------
Melee: Long sword        |   127 |    86 ||   213
Throw: Stone             |    13 |       ||    13
  Eat: Chunk             |    12 |     3 ||    15
Armor: Scale mail        |    62 |    53 ||   115
Dodge: Dodged            |    57 |    33 ||    90
Block: Shield            |    87 |    52 ||   139
       Rpst.: Long sword |    20 |    13 ||    33
